 Dungeon Crawl Stone Soup version 0.27-a0-1119-gbf574a6a6b (webtiles) character file.

Game seed: 15751815977703949818

9 Zeld the Shield-Bearer (level 2, -1/21 HPs)
             Began as an Octopode Fighter on May 2, 2021.
             Frozen to death by an endoplasm (5 damage)
             ... on level 1 of the Dungeon.
             The game lasted 00:00:11 (54 turns).

Zeld the Shield-Bearer (Octopode Fighter)             Turns: 54, Time: 00:00:12

Health: -1/21      AC:  1    Str: 15    XL:     2   Next: 12%
Magic:  2/2        EV: 11    Int: 10    God:
Gold:   5          SH:  8    Dex: 11    Spells: 1/1 levels left

rFire    . . .     SeeInvis .   a - +0 war axe
rCold    . . .     Faith    .   b - +0 kite shield
rNeg     . . .     Spirit   .   (helmet restricted)
rPois    .         Reflect  .   (no amulet)
rElec    .         Harm     .   (no ring)
rCorr    .         Rampage  .   (no ring)
Will     .....                  (no ring)
Stlth    ++........             (no ring)
HPRegen  0.07/turn              (no ring)
MPRegen  0.08/turn              (no ring)
                                (no ring)
                                (no ring)

@: no status effects
A: almost no armour, amphibious, 8 rings, camouflage 1, gelatinous body 1,
(nimble swimmer 1), tentacles
a: no special abilities


You were on level 1 of the Dungeon.
You visited 1 branch of the dungeon, and saw 1 of its levels.

You collected 5 gold pieces.

Inventory:

Hand Weapons
 a - a +0 war axe (weapon)
Armour
 b - a +0 kite shield (worn)
Potions
 c - a potion of might


   Skills:
 * Level 3.1 Fighting
 * Level 2.2 Axes
 - Level 3.0 Dodging
 * Level 3.2 Shields


You had one spell level left.
You didn't know any spells.
Your spell library was empty.

Dungeon Overview and Level Annotations

Branches:
Dungeon (1/15)

Altars:


Innate Abilities, Weirdness & Mutations

You cannot wear most types of armour.
You are amphibious.
You can wear up to eight rings at the same time.
Your skin changes colour to match your surroundings (Stealth+).
Your rubbery body absorbs attacks. (AC +1, EV +1)
((You are camouflaged near water. (Stealth+)))
You have tentacles for arms and can constrict up to eight enemies at once.


Message History

You squeeze the jackal.
You kill the jackal!
You block the ball python's attack. The ball python grabs you.
The ball python constricts you.
You slash the ball python!
You kill the ball python!
The ball python closely misses you. x2
You slash the ball python!
You kill the ball python!
A hobgoblin comes into view.
The hobgoblin closely misses you.
You have reached level 2!
You barely miss the hobgoblin.
The hobgoblin shouts!
Your grab misses the hobgoblin. The hobgoblin misses you.
A bat comes into view.
The hobgoblin hits you.
You hit the hobgoblin.
You kill the hobgoblin!
The goblin hits you with a +0 club.
You closely miss the goblin. You grab the goblin. You constrict the goblin.
You block the goblin's attack.
You hit the goblin.
The goblin is severely wounded.
You constrict the goblin.
You kill the goblin!
The bat misses you. The bat hits you.
* * * LOW HITPOINT WARNING * * *
The endoplasm freezes you.
You are frozen.
* * * LOW HITPOINT WARNING * * *
You hit the endoplasm but do no damage.
You squeeze the endoplasm, but do no damage.
The endoplasm hits you.
* * * LOW HITPOINT WARNING * * *
You hit the endoplasm.
The endoplasm is heavily wounded.
The endoplasm freezes you.
You are frozen.
You die...

#. .###.. #. .....
..#........ .#...
...# .... ....
.##.##..# #..#
#.....bg# #..# #J#
#..# #@# #..#
#.###.###..######
#...(...........#
..........#######.#
.######.#.# #.#
#.#.# #.# ########
#.# ##..# #.#
######### #...# #.#


You could see an endoplasm, a hobgoblin and a bat.

Vanquished Creatures
  A hobgoblin (D:1)
  3 jackals (D:1)
  A kobold (D:1)
  2 ball pythons (D:1)
  A goblin (D:1)
8 creatures vanquished.

Notes
Turn   | Place    | Note
-------+----------+-------------------------------------------
     0 | D:1      | Zeld the Octopode Fighter began the quest for the Orb.
     0 | D:1      | Reached XP level 1. HP: 16/16 MP: 1/1
    49 | D:1      | Reached XP level 2. HP: 14/21 MP: 2/2
    54 | D:1      | Frozen to death by an endoplasm

Illustrated notes

Levels and vault maps discovered:
D:1:      erik_arrival_orb_chamber, layout_loops_ring,
          hellmonk_ecumenical_altar_arch_garden

Action                   || total
-------------------------++-------
Melee: War axe           ||    14
       Constrict         ||     3
       Tentacles         ||     3
Armor: Skin              ||     1
Dodge: Dodged            ||     8
Block: Kite shield       ||     7

Table legend: (Time is in decaauts)
 A = Elapsed time spent in this place.
 B = Non-inter-level travel time spent in this place.
 C = Inter-level travel time spent in this place.
 D = Time resting spent in this place.
 E = Time spent auto-exploring this place.
 F = Levels seen in this place.
 G = Mean time per level.
                   A        B        C        D        E       F      G
               +--------+--------+--------+--------+--------+-----+--------+
         Total |     62 |     62 |      0 |      0 |     36 |   1 |   62.0 |
       Dungeon |     62 |     62 |      0 |      0 |     36 |   1 |   62.0 |
               +--------+--------+--------+--------+--------+-----+--------+

Top non-repeatable levels by time:
     D:1: 62 daAuts
